 Dungeon Crawl Stone Soup version 0.29-a0-823-gc37b1572da (webtiles) character file.

Game seed: 13561886207243196904

385 Shayle the Covert (level 6, -6/57 HPs)
             Began as a Naga Brigand on July 8, 2022.
             Killed from afar by Dowan (17 damage)
             ... with a shard of ice
             ... on level 4 of the Dungeon.
             The game lasted 00:08:06 (3003 turns).

Shayle the Covert (Naga Brigand)                    Turns: 3003, Time: 00:08:09

Health: -6/57      AC:  7    Str: 14    XL:     6   Next: 77%
Magic:  10/10      EV:  8    Int: 13    God:
Gold:   109        SH:  0    Dex: 12    Spells: 11/11 levels left

rFire   . . .      SeeInvis +   p - +4 sling (venom)
rCold   . . .      Faith    .   (no shield)
rNeg    . . .      Spirit   .   l - +0 ring mail
rPois   +          Reflect  .   (no helmet)
rElec   .          Harm     .   c - +2 cloak
rCorr   .          Rampage  .   (no gloves)
Will    .....                   (no barding)
Stlth   +++.......              (no amulet)
HPRegen 0.19/turn               (no ring)
MPRegen 0.12/turn               (no ring)

@: very slow
A: AC +2, large, see invisible, deformed body, poison resistance, slowness 2,
spit poison 1, naga tail 1
a: Spit Poison


You were on level 4 of the Dungeon.
You visited 1 branch of the dungeon, and saw 4 of its levels.

You collected 214 gold pieces.
You spent 105 gold pieces at shops.

Inventory:

Hand Weapons
 a - a +2 dagger
 m - a +1 vampiric hand axe
 p - a +4 sling of venom (weapon)
Missiles
 d - 14 poisoned darts
 e - 2 curare-tipped darts
Armour
 b - a +0 robe
 c - a +2 cloak (worn)
 l - a +0 ring mail (worn)
Scrolls
 f - 3 scrolls of poison
 s - 2 scrolls of teleportation {unknown}
 u - a scroll of torment {unknown}
Potions
 g - a potion of lignification {unknown}
 h - a potion of berserk rage {unknown}
 i - a potion of haste
 j - a potion of heal wounds
 k - a potion of degeneration {unknown}
 n - 2 potions of cancellation
 o - a potion of curing {unknown}
 q - a potion of magic {unknown}
 r - 2 potions of flight {unknown}
 t - a potion of attraction {unknown}
 v - a potion of invisibility {unknown}


   Skills:
 + Level 4.2 Fighting
 - Level 2.0 Short Blades
 - Level 1.7 Throwing
 - Level 0.7 Dodging
 + Level 8.4 Stealth
 + Level 3.2 Spellcasting


You had 11 spell levels left.
You didn't know any spells.
Your spell library contained the following spells:

 Spells                   Type           Power      Damage    Failure   Level
 Sublimation of Blood     Necr           2%         N/A       56%         2
 Gell's Gravitas          Tloc           2%         N/A       80%         3
 Lesser Beckoning         Tloc           2%         N/A       80%         3
 Teleport Other           Tloc           2%         N/A       80%         3
 Petrify                  Tmut/Erth      2%         N/A       99%         4
 Irradiate                Conj/Tmut      1%         3d13      100%        5


Dungeon Overview and Level Annotations

Branches:
Dungeon (4/15)
 Temple: D:4-7

Altars:
Ru

Shops:
D:2 ?

Annotations:
D:4 Dowan


Innate Abilities, Weirdness & Mutations

Your serpentine skin is tough. (AC +2)
You have supernaturally acute eyesight. (SInv)
Armour fits poorly on your strangely shaped body.
Your system is resistant to poisons. (rPois)
You cover ground very slowly.
You can spit poison.
You have a snake-like lower body.


Message History

Aim: Duvessa, wielding a +0 short sword and wearing a +0 ring mail (heavily wounded, fast, extremely poisoned, 69% to hit)
You shoot a sling bullet.
The sling bullet closely misses Duvessa.
Duvessa hits you with a +0 short sword. The endoplasm barely misses you.
Duvessa hits you with a +0 short sword.
The endoplasm hits you but does no damage.
Fire: p) +4 sling (venom)
Press: ? - help, Q - select action, (/) - cycle Shift-Dir - straight line, f/p - Duvessa
Aim: Duvessa, wielding a +0 short sword and wearing a +0 ring mail (severely wounded, fast, extremely poisoned, 69% to hit)
You shoot a sling bullet.
The sling bullet closely misses Duvessa.
Duvessa hits you with a +0 short sword. x2
The endoplasm hits you but does no damage.
Fire: p) +4 sling (venom)
Press: ? - help, Q - select action, (/) - cycle Shift-Dir - straight line, f/p - Duvessa
Aim: Duvessa, wielding a +0 short sword and wearing a +0 ring mail (severely wounded, fast, extremely poisoned, 69% to hit)
You shoot a sling bullet. The sling bullet hits Duvessa!
You kill Duvessa!
Dowan screams, "No!
Oh no!"
Dowan seems to find hidden reserves of power!
The endoplasm freezes you.
You are frozen.
The endoplasm barely misses you.
Your Spellcasting skill increases to level 3!
Fire: p) +4 sling (venom)
Press: ? - help, Q - select action, (/) - cycle Shift-Dir - straight line, f - endoplasm
Aim: an endoplasm (86% to hit)
You shoot a sling bullet. The sling bullet hits the endoplasm!
You kill the endoplasm!
Fire: p) +4 sling (venom)
Press: ? - help, Q - select action, (/) - cycle Shift-Dir - straight line, f - Dowan
Aim: Dowan, wielding a +5 dagger of venom and wearing a +0 robe (almost dead, fast, poisoned, 51% to hit)
You shoot a sling bullet.
The sling bullet completely misses Dowan.
Dowan points at you and mumbles some strange words.
The shard of ice hits you!
* * * LOW HITPOINT WARNING * * *
Dowan says, "Her death will not be in vain!"
Dowan casts a spell at you. The shard of ice hits you!
You die...

#........# #...
###......# +...
#......########
#...
#......#......#
#...
#......#......# ..
####..........##.#
#.........#....
#.........#....
#....@)........
#..............
#......e.......
##........!.....
#...............
#...............
#..#+######.....
#..# .....
#..###### ....


You could see Dowan (fast, poisoned).

Vanquished Creatures
  Duvessa (D:4)
  A jelly (D:3)
  2 hounds (D:4)
  An orc priest (D:3)
  An iguana (D:4)
  An orc wizard (D:3)
  3 adders
  A worm (D:2)
  4 dart slugs
  3 orcs
  8 ball pythons
  10 endoplasms
  3 giant cockroaches
  5 goblins
  4 hobgoblins
  5 jackals (D:2)
  4 quokkas
  4 bats
  4 frilled lizards
  7 kobolds
  5 rats
77 creatures vanquished.

Vanquished Creatures (others)
  A demonic plant (D:2)
1 creature vanquished.

Grand Total: 78 creatures vanquished

Notes
Turn   | Place    | Note
-------+----------+-------------------------------------------
     0 | D:1      | Shayle the Naga Brigand began the quest for the Orb.
     0 | D:1      | Reached XP level 1. HP: 19/19 MP: 1/1
   175 | D:1      | Reached skill level 6 in Stealth
   178 | D:1      | Reached XP level 2. HP: 21/26 MP: 2/2
   456 | D:1      | Reached skill level 1 in Spellcasting
   756 | D:1      | Reached XP level 3. HP: 33/33 MP: 4/4
  1295 | D:2      | Found a faded altar of an unknown god.
  1361 | D:2      | Reached XP level 4. HP: 34/40 MP: 6/6
  1863 | D:2      | Reached skill level 7 in Stealth
  1888 | D:2      | Found a sacrificial altar of Ru.
  1937 | D:2      | Found Hyquiso's Magic Scroll Shop.
  1948 | D:2      | Bought a scroll of enchant armour for 105 gold pieces
  2107 | D:3      | Reached XP level 5. HP: 49/49 MP: 6/8
  2157 | D:4      | Noticed Dowan
  2482 | D:3      | Reached XP level 6. HP: 54/57 MP: 8/10
  2513 | D:3      | Reached skill level 8 in Stealth
  2991 | D:4      | Noticed Duvessa
  3001 | D:4      | Killed Duvessa
  3003 | D:4      | Killed from afar by Dowan

Illustrated notes

Levels and vault maps discovered:
D:1:      roderic_octagonal_star, layout_basic
D:2:      minmay_chambers_of_twos, layout_basic,
          dreamdust_ecumenical_altar_sealed_demon, serial_shops, shop,
          minmay_hexomino_r4
D:3:      layout_rooms
D:4:      layout_basic, led_sif_book, uniq_duvessa

Skill      XL: |  1  2  3  4  5  6 |
---------------+-------------------+-----
Stealth        | 6 7 8 |  8.4
Spellcasting   | 1 2 3 |  3.2
Fighting       | 3 4 |  4.2
Short Blades   | |  2.0
Throwing       | |  1.7
Dodging        | |  0.7

Action                   |  1- 3 |  4- 6 || total
-------------------------+-------+-------++-------
Melee: Dagger            |    36 |       ||    36
       Punch             |     2 |     2 ||     4
       Hand axe          |    50 |    55 ||   105
 Fire: Sling             |       |    78 ||    78
Throw: Dart              |     2 |       ||     2
 Abil: Spit Poison       |     1 |       ||     1
  Use: Scroll            |     3 |     5 ||     8
 Stab: Sleeping          |    11 |     1 ||    12
Armor: Robe              |     5 |       ||     5
       Ring mail         |    32 |    56 ||    88
Dodge: Dodged            |    41 |    54 ||    95

Table legend: (Time is in decaauts)
 A = Elapsed time spent in this place.
 B = Non-inter-level travel time spent in this place.
 C = Inter-level travel time spent in this place.
 D = Time resting spent in this place.
 E = Time spent auto-exploring this place.
 F = Levels seen in this place.
 G = Mean time per level.
                   A        B        C        D        E       F      G
               +--------+--------+--------+--------+--------+-----+--------+
         Total |   3834 |   3662 |    172 |    261 |   2350 |   4 |  958.5 |
       Dungeon |   3834 |   3662 |    172 |    261 |   2350 |   4 |  958.5 |
               +--------+--------+--------+--------+--------+-----+--------+

Top non-repeatable levels by time:
     D:2: 1443 daAuts
     D:1: 1227 daAuts
     D:3: 672 daAuts
     D:4: 491 daAuts
